Unix NetHack Version 5.0.0-0 post-release - last build May 17 2026 04:57:42 (dc50c8380fa5e20985bfe3072449f57b8d9895ef,branch:main).

Game began 2026-05-18 16:19:04, ended 2026-05-18 17:02:45.

Ackbladder, neutral male gnomish Wizard

                                         ----
                                ----------??|
                                |.....^..^^^|
                                |....`-----^|
                                |.%%`.|   |^--
                                |.@`.`|----^.|
                                |.f...|<.^.^.|
                                ---[---------|
                                 |..--->---..|
                                 |......`....|
                                 |.`.----.``.|
                                 |...|  |....|
                                 -----  ------

Ackbladder the Thaumaturge  St:11 Dx:12 Co:14 In:19 Wi:10 Ch:11  Neutral
Dlvl:8  $:139 HP:0(44) Pw:49(53) AC:8  Xp:6 T:4723  Burdened

Latest messages:
 You kill the kobold shaman!
 You see here a kobold shaman corpse.
 A jaguar suddenly appears close by!
 The gecko bites!
 In what direction? 8
 The spell hits the cockatrice!
 The cockatrice bites!
 The cockatrice touches you!
 You hear the cockatrice's hissing!
 The gecko bites!
 You are slowing down.
 You hit the cockatrice!
 The cockatrice bites!
 The cockatrice touches you!
 You hear the cockatrice's hissing!
 Your limbs are stiffening.
 #o: unknown extended command.
 Are you sure you want to pray? [yn] (n) y
 You begin praying to Thoth.
 You are surrounded by a shimmering light.
 The cockatrice starts to attack you, but pulls back.
 The jaguar starts to attack you, but pulls back.
 The jaguar starts to attack you, but pulls back.
 The cockatrice starts to attack you, but pulls back.
 The jaguar starts to attack you, but pulls back.
 The jaguar starts to attack you, but pulls back.
 The gecko starts to attack you, but pulls back.
 You finish your prayer.
 You feel that Thoth is well-pleased.
 You feel more limber.
 The magic-absorbing blade scares the cockatrice!
 You kill the cockatrice!
 The jaguar hits!
 The jaguar hits again!
 The jaguar bites!
 The gecko bites!
 The jaguar hits!
 The jaguar hits again!
 The jaguar bites!
 The magic-absorbing blade stuns the gecko!
 You kill the gecko!
 The jaguar hits!
 The jaguar hits again!
 The jaguar bites!
 The jaguar hits!
 The jaguar hits again!
 The jaguar bites!
 You die...
 Do you want your possessions identified? [ynq] (y) y
 Do you want to see your attributes? [ynq] (y) q

Inventory:
 Coins    ('$')
  $ - 139 gold pieces
 Amulets  ('"')
  x - an uncursed amulet of ESP (being worn)
  M - an uncursed amulet of ESP
  Y - an uncursed amulet of guarding
 Weapons  (')')
  H - a +0 dagger
  L - a +0 elven dagger
  w - the rustproof +3 Magicbane (weapon in right hand)
  a - a blessed +1 quarterstaff
 Armor    ('[')
  I - an uncursed +0 orcish helm
  A - a cursed -1 pair of gauntlets of fumbling
  E - an uncursed +0 pair of jumping boots (being worn)
  b - a blessed +0 cloak of magic resistance (being worn)
 Comestibles  ('%')
  Q - 2 uncursed slime molds
  P - an uncursed candy bar labeled "Moon Crunchy"
  u - 3 uncursed food rations
 Scrolls  ('?')
  y - a blessed scroll of confuse monster
  F - an uncursed scroll of confuse monster
  g - an uncursed scroll of enchant armor
  R - an uncursed scroll of enchant weapon
  j - an uncursed scroll of food detection
  p - a cursed scroll of gold detection
  i - a blessed scroll of identify
  J - a cursed scroll of identify
  v - a blessed scroll of scare monster
  r - 2 uncursed scrolls of stinking cloud
  B - a blessed scroll of teleportation
  k - an uncursed scroll of teleportation
 Spellbooks  ('+')
  m - an uncursed spellbook of extra healing
  l - a blessed spellbook of force bolt
  D - an uncursed spellbook of haste self
  K - an uncursed spellbook of knock
 Potions  ('!')
  h - an uncursed potion of gain energy
  f - 5 uncursed potions of healing
  Z - 2 cursed potions of healing
  G - a cursed potion of object detection
  t - an uncursed potion of paralysis
  W - a potion of holy water
  q - an uncursed potion of water
 Rings    ('=')
  e - an uncursed +1 ring of gain constitution
  d - an uncursed ring of protection from shape changers
  S - a cursed ring of teleportation
 Wands    ('/')
  T - a wand of cold (0:5)
  N - a wand of light (0:13)
  c - a wand of speed monster (0:2)
 Tools    ('(')
  o - an uncursed blindfold
  C - an uncursed lock pick
  n - a magic marker (0:21)
  s - a blessed oil lamp
  z - an uncursed skeleton key

Ackbladder the Wizard's attributes:

Background:
 You were a Thaumaturge, a level 6 male gnomish Wizard.
 You were neutral, on a mission for Thoth
 who was opposed by Ptah (lawful) and Anhur (chaotic).
 You were right-handed.
 You were in Sokoban, on level 8.
 You entered the dungeon 4723 turns ago.
 There was a new moon in effect when your adventure ended.
 You had 524 experience points, 116 more were needed to attain level 7.

Basics:
 You had 0 out of 44 hit points.
 You had 49 out of 53 energy points (spell power).
 Your armor class was 8.
 Your wallet contained 139 zorkmids.
 Autopickup was off.

Final Characteristics:
 Your strength was 11 (limit:18/50).
 Your dexterity was 12 (limit:18).
 Your constitution was 14 (peak:17, limit:18).
 Your intelligence was 19 (limit:19).
 Your wisdom was 10 (limit:18).
 Your charisma was 11 (limit:18).

Final Status:
 You weren't hungry.
 You were burdened; movement was slightly slowed.
 You were wielding a dagger.
 You had basic skill with dagger.

Final Attributes:
 You were piously aligned.
 You were magic-protected.
 You were telepathic.
 You had infravision.
 You could jump.
 You were warded.
 You are dead.

Miscellaneous:
 You encountered 1 bones level.
 Total elapsed playing time was 43 minutes and 41 seconds.

Major events:
 Turn
    1: Ackbladder the neutral male gnomish Wizard entered the dungeon
  695: entered the Gnomish Mines
  738: attained the rank of Conjurer (level 3)
 2957: was bestowed with Magicbane by Thoth
 4233: attained the rank of Thaumaturge (level 6)
 4586: entered Sokoban
 4723: killed by a jaguar

Spells:
 Name                 Level Category     Fail Retention
 force bolt             1   attack         0%   71%-80%
 extra healing          3   healing       71%  76%-100%
 haste self             3   escape        71%  76%-100%
 knock                  1   matter         0%  76%-100%

Skills:
 Fighting Skills
   bare handed combat [Unskilled]
   riding             [Unskilled]
 Weapon Skills
   dagger             [Basic]
   knife              [Unskilled]
   axe                [Unskilled]
   short sword        [Unskilled]
   club               [Unskilled]
   mace               [Unskilled]
   quarterstaff       [Basic]
   polearms           [Unskilled]
   spear              [Unskilled]
   trident            [Unskilled]
   sling              [Unskilled]
   dart               [Unskilled]
   shuriken           [Unskilled]
 Spellcasting Skills
   attack spells      [Basic]
   healing spells     [Unskilled]
   divination spells  [Unskilled]
   enchantment spells [Basic]
   clerical spells    [Unskilled]
   escape spells      [Unskilled]
   matter spells      [Unskilled]

Voluntary challenges:
 Character rerolling was not enabled.
 You never genocided any monsters.
 You never polymorphed an object.
 You never changed form.
 You used no wishes.
 You did not violate any of the special Sokoban rules.
Achievements:
 You entered a shop.
 You entered the Gnomish Mines.
 You attained the rank of Conjurer.
 You attained the rank of Thaumaturge.
 You entered Sokoban.

 The Dungeons of Doom: levels 1 to 10
    Level 1:
       Some fountains.
    Level 2:
       A scroll shop, an altar to Thoth, a fountain.
    Level 3:
       A fountain, a grave.
       Stairs down to The Gnomish Mines.
    Level 4:
    Level 5:
       A general store, a fountain.
    Level 6:
       Many altars.
    Level 7:
    Level 8:
       Final resting place for
          TeaH4nd-Val-Dwa-Fem-Law, killed by a mumak.
    Level 9:
       A fountain, a sink.
       Stairs up to Sokoban, level 8.
    Level 10:
 The Gnomish Mines:
    Level 4:
 Sokoban:
    Level 8: <- You were here.
       Unsolved.
       Final resting place for
          you, killed by a jaguar.


Vanquished creatures:
  a small mimic
  a cockatrice
  a dingo
  a housecat
 an imp
  a wood nymph
 an orc shaman
  a shrieker
  a giant ant
  2 floating eyes
  a homunculus
  a kobold shaman
  2 rothes
  a rabid rat
  2 giant bats
  a wererat
 an iguana
  a gas spore
  2 hobbits
  2 large kobolds
  2 hobgoblins
  2 giant rats
  2 cave spiders
  a brown mold
  a yellow mold
  a gnome zombie
  4 geckos
  2 jackals
  2 foxes
  a kobold
  4 goblins
  3 grid bugs
  3 lichens
  2 kobold zombies
  5 newts
60 creatures vanquished.

No species were genocided or became extinct.

Game over:
                       ----------
                      /          \
                     /    REST    \
                    /      IN      \
                   /     PEACE      \
                  /                  \
                  |    Ackbladder    |
                  |      139 Au      |
                  |   killed by a    |
                  |      jaguar      |
                  |                  |
                  |                  |
                  |       2026       |
                 *|     *  *  *      | *
        _________)/\\_//(\/(/\)/\//\/|_)_______

Goodbye Ackbladder the Wizard...

You died in Sokoban on dungeon level 8 with 2682 points,
and 139 pieces of gold, after 4723 moves.
You were level 6 with a maximum of 44 hit points when you died.

